 Dungeon Crawl Stone Soup version 0.19-a0-1201-gda63bca (webtiles) character file.

4 Gorice the Vexing (level 1, -2/13 HPs)
             Began as a Demonspawn Enchanter on Aug 20, 2016.
             Slain by an ooze (3 damage)
             ... on level 1 of the Dungeon.
             The game lasted 00:01:32 (412 turns).

Gorice the Vexing (Demonspawn Enchanter)             Turns: 412, Time: 00:01:33

Health: -2/13      AC:  3    Str:  8    XL:     1   Next: 58%
Magic:  2/3        EV: 12    Int: 16    God:
Gold:   1          SH:  0    Dex: 13    Spells: 1 memorised, 3 levels left

rFire  . . .     SeeInvis .     a - +1 dagger
rCold  . . .     Gourm    .     b - +1 robe
rNeg   . . .     Faith    .     (no shield)
rPois  .         Spirit   .     (no helmet)
rElec  .         Dismiss  .     (no cloak)
rCorr  .         Reflect  .     (no gloves)
MR     .....     Harm     .     (no boots)
Stlth  ++........               (no amulet)
                                (no ring)
                                (no ring)

@: no status effects
A: no striking features
a: no special abilities


You were on level 1 of the Dungeon.
You were not hungry.

You visited 1 branch of the dungeon, and saw 1 of its levels.

You collected 1 gold pieces.

Inventory:

Hand Weapons
 a - a +1 dagger (weapon)
Missiles
 e - 5 tomahawks (quivered)
 Z - 23 stones
Armour
 b - a +1 robe (worn)
Scrolls
 g - a scroll of enchant weapon {unknown}
Books
 c - a book of Maledictions
Comestibles
 d - a bread ration {!e}
 f - a meat ration {!e}
 h - 3 chunks of flesh


   Skills:
 + Level 1.5 Short Blades
 - Level 1.7 Dodging
 - Level 2.6 Stealth
 - Level 2.0 Spellcasting
 - Level 3.0 Hexes


You had 3 spell levels left.
You knew the following spells:

 Your Spells              Type           Power        Failure   Level  Hunger
a - Corona                Hex            ##.....      8%          1    #......


Dungeon Overview and Level Annotations

Branches:
Dungeon (1/15)

Altars:


Message History

The ooze quivers.
Casting: Corona
Confirm with . or Enter, or press ? or * to list all spells.
Aiming: Corona
Press: ? - help, Shift-Dir - straight line, f - ooze
Aim: an ooze (chance to defeat MR: 47%)
You miscast Corona.
You are very lightly contaminated with residual magic.
Nothing appears to happen.
The ooze hits you but does no damage.
Casting: Corona
Confirm with . or Enter, or press ? or * to list all spells.
Aiming: Corona
Press: ? - help, Shift-Dir - straight line, f/p - ooze
Aim: an ooze (chance to defeat MR: 47%)
The ooze resists with significant effort.
The ooze hits you.
Damage: 2 (max 2)
You hit the ooze.
The ooze is lightly wounded.
The ooze hits you.
Damage: 3 (max 3)
Casting: Corona
Confirm with . or Enter, or press ? or * to list all spells.
Aiming: Corona
Press: ? - help, Shift-Dir - straight line, f/p - ooze
Aim: an ooze (lightly wounded, chance to defeat MR: 47%)
The ooze resists with significant effort.
The ooze hits you but does no damage.
You hit the ooze.
The ooze is moderately wounded.
The ooze closely misses you.
You barely miss the ooze.
The ooze is moderately wounded.
The ooze hits you.
* * * LOW HITPOINT WARNING * * *
Damage: 4 (max 4)
You barely miss the ooze.
The ooze is moderately wounded.
The ooze hits you.
* * * LOW HITPOINT WARNING * * *
Damage: 1 (max 4)
You hit the ooze.
The ooze is heavily wounded.
The ooze barely misses you.
Your magical contamination has completely faded away.
The ooze hits you.
* * * LOW HITPOINT WARNING * * *
Damage: 2 (max 4)
The ooze hits you.
You die...

### #.# #.########
#.@....... #J########
#.# #########
#.#########.......
#.......##......#
#...............#
#...............#
#...............#
######.......##......#..


You could see an ooze.

Vanquished Creatures
  A giant gecko (D:1)
  A goblin (D:1)
  2 kobolds (D:1)
4 creatures vanquished.

Notes
Turn   | Place    | Note
-------+----------+-------------------------------------------
     0 | D:1      | Gorice the Demonspawn Enchanter began the quest for the Orb.
     0 | D:1      | Reached XP level 1. HP: 13/13 MP: 3/3
   166 | D:1      | Reached skill level 1 in Short Blades
   383 | D:1      | HP: 3/13 [ooze (4)]
   403 | D:1      | HP: 1/13 [ooze (2)]
   412 | D:1      | Slain by an ooze

Vault maps used:
D:1:      dpeg_arrival_three_bigger_balls, minmay_small_reverse_x

Skill      XL: |  1 |
---------------+----+-----
Short Blades   | 1 |  1.5
Dodging        | |  1.7
Stealth        | |  2.6
Spellcasting   | |  2.0
Hexes          | |  3.0

Action                   || total
-------------------------++-------
Melee: Dagger            ||    22
 Cast: Corona            ||     5
 Stab: Sleeping          ||     1
Armor: Robe              ||     5
Dodge: Dodged            ||    13

Table legend:
 A = Turns spent in this place as a percentage of turns spent in the entire game.
 B = Non-inter-level travel turns spent in this place as a percentage of non-inter-level travel turns spent in the entire game.
 C = Inter-level travel turns spent in this place as a percentage of turns spent in this place.
 D = Turns resting spent in this place as a percentage of non-inter-level travel turns spent in this place.
 E = Turns spent auto-exploring this place as a percentage of non-inter-level travel turns spent in this place.
 F = Non-inter-level travel turns spent in this place divided by the number of levels of this place that you've seen.
                   A       B       C       D       E      F
               +-------+-------+-------+-------+-------+----------------------
         Total | 100.0 | 100.0 |   0.0 |   1.2 |   4.3 | 163.0
       Dungeon | 100.0 | 100.0 |   0.0 |   1.2 |   4.3 | 163.0
               +-------+-------+-------+-------+-------+----------------------

Vault maps used:
D:1:      dpeg_arrival_three_bigger_balls, minmay_small_reverse_x
